 Dungeon Crawl Stone Soup version 0.28-a0-245-g639a1a48b9 (webtiles) character file.

Game seed: 14641970231403752576

399 Smaepdii the Skirmisher (level 6, 0/39 HPs)
             Began as a Gargoyle Fighter on Aug 24, 2021.
             Was a Priest of Wu Jian.
             Slain by Eustachio (9 damage)
             ... on level 4 of the Dungeon.
             The game lasted 00:20:31 (4876 turns).

Smaepdii the Skirmisher (Gargoyle Fighter)          Turns: 4876, Time: 00:20:31

Health: 0/39       AC: 13    Str: 19    XL:     6   Next: 84%
Magic:  6/6        EV: 10    Int:  9    God:    Wu Jian [***...]
Gold:   146        SH:  0    Dex: 11    Spells: 5/5 levels left

rFire   + . .      SeeInvis .   a - +0 flail
rCold   . . .      Faith    .   (no shield)
rNeg    + . .      Spirit   .   f - +2 ring mail {rF+}
rPois   ∞          Reflect  .   i - +0 helmet
rElec   +          Harm     .   (no cloak)
rCorr   +          Rampage  .   (no gloves)
Will    .....                   (no boots)
Stlth   +.........              (no amulet)
HPRegen 0.13/turn               h - ring of resist corrosion
MPRegen 0.10/turn               (no ring)

@: no status effects
A: sickness immunity, AC +4, negative energy resistance 1, electricity
resistance, torment resistance 1, petrification resistance
a: Renounce Religion, Wall Jump, Serpent's Lash


You were on level 4 of the Dungeon.
You worshipped Wu Jian.
Wu Jian was most pleased with you.
You visited 1 branch of the dungeon, and saw 5 of its levels.

You collected 146 gold pieces.

Inventory:

Hand Weapons
 a - a +0 flail (weapon)
Missiles
 g - 6 boomerangs
 j - 170 stones
 k - 19 poisoned darts (quivered)
Armour
 c - a +0 kite shield
 f - a +2 ring mail of fire resistance (worn)
 i - a +0 helmet (worn)
Magical Staves
 e - a staff of poison
Jewellery
 h - a ring of resist corrosion (left hand)
Scrolls
 l - a scroll of enchant weapon {unknown}
 m - 3 scrolls of fog {unknown}
 n - a scroll of immolation {unknown}
 o - a scroll of acquirement {unknown}
 p - 3 scrolls of teleportation {unknown}
Potions
 b - 2 potions of attraction
 d - 2 potions of curing
 q - a potion of flight
 r - a potion of degeneration {unknown}


   Skills:
 + Level 4.7 Fighting
 * Level 4.6 Maces & Flails
 + Level 4.6 Armour
 + Level 4.6 Shields


You had 5 spell levels left.
You didn't know any spells.
Your spell library contained the following spells:

 Spells                   Type           Power      Damage    Failure   Level
 Shock                    Conj/Air       0%         1d3       56%         1
 Swiftness                Air            0%         N/A       90%         3
 Airstrike                Air            0%         N/A       100%        4


Dungeon Overview and Level Annotations

Branches:
Dungeon (5/15)
 Temple: D:4-7

Altars:
Wu Jian

Annotations:
D:4 Eustachio


Innate Abilities, Weirdness & Mutations

You are immune to sickness and miasma.
Your stone body is resilient. (AC +4)
You are immune to poison.
You resist negative energy. (rN+)
You are resistant to electric shocks. (rElec)
You are resistant to unholy torment.
You are immune to petrification.


Message History

Eustachio is moderately wounded.
The shadow imp hits you but does no damage.
Eustachio hits you with a +0 rapier.
You hit Eustachio but do no damage.
Eustachio is moderately wounded.
Eustachio looks more healthy.
The shadow imp hits you but does no damage.
Eustachio hits you with a +0 rapier.
You sock Eustachio!
Eustachio is heavily wounded.
The shadow imp hits you but does no damage.
Eustachio barely misses you.
Your ring mail prevents you from hitting Eustachio.
Eustachio is heavily wounded.
The shadow imp barely misses you. Eustachio closely misses you.
You barely miss Eustachio.
Eustachio is heavily wounded.
The shadow imp hits you but does no damage.
Eustachio barely misses you. The shadow imp hits you.
You sock Eustachio!
Eustachio is severely wounded.
Eustachio casts a spell.
Eustachio blinks!
The shadow imp hits you but does no damage.
Eustachio screams, "At last I'll have my revenge!"
Eustachio casts a spell.
Eustachio blinks!
The white imp disappears in a puff of smoke!
The white imp gestures at you. The puff of frost hits you.
Eustachio casts a spell.
You sock Eustachio!
Eustachio is almost dead.
The white imp gestures at you. The puff of frost hits you!
The shadow imp gestures at you. Pain shoots through your body!
* * * LOW HITPOINT WARNING * * *
Eustachio hits you with a +0 rapier!
You die...

#..........#.......#
#....
#...............####...
#...............##....
##.(..........†.......
#.....#......†...#...
##...##........###..#
###5.............#....
#....5........##...#.#
##...@@.......##..##.#
##...5.#......#### ##
####..####..## ####
####


You could see Eustachio, an iron imp (summoned), a white imp (summoned) and a
shadow imp (summoned).

Vanquished Creatures
  A phantom (D:4)
  An iguana (D:4)
  A bullfrog skeleton (D:4)
  Natasha (thrice) (D:2)
  Robin (D:2)
  4 gnolls
  5 adders
  A worm (D:2)
  An orc (D:4)
  8 ball pythons
  10 endoplasms
  3 giant cockroaches
  19 goblins
  12 hobgoblins
  7 jackals
  3 quokkas
  A bat (D:1)
  9 frilled lizards
  10 kobolds
  6 rats
106 creatures vanquished.

Notes
Turn   | Place    | Note
-------+----------+-------------------------------------------
     0 | D:1      | Smaepdii the Gargoyle Fighter began the quest for the Orb.
     0 | D:1      | Reached XP level 1. HP: 14/14 MP: 1/1
   174 | D:1      | Reached XP level 2. HP: 11/19 MP: 2/2
   834 | D:1      | Reached XP level 3. HP: 21/23 MP: 3/3
   867 | D:1      | Found a faded altar of an unknown god.
   871 | D:1      | Became a worshipper of the Wu Jian Council
   871 | D:1      | Reached * piety under Wu Jian
  1467 | D:2      | Reached XP level 4. HP: 23/29 MP: 4/4
  1642 | D:2      | Reached ** piety under Wu Jian
  1644 | D:2      | Noticed Natasha
  1670 | D:2      | Killed Natasha
  2250 | D:2      | Reached XP level 5. HP: 33/33 MP: 5/5
  2272 | D:2      | Noticed Robin
  2440 | D:2      | Killed Robin
  2464 | D:2      | Noticed Natasha
  2477 | D:2      | Killed Natasha
  2717 | D:2      | Noticed Natasha
  2729 | D:2      | Killed Natasha
  3465 | D:3      | Reached XP level 6. HP: 38/38 MP: 6/6
  3788 | D:4      | Noticed Eustachio
  4325 | D:5      | Entered Level 5 of the Dungeon
  4722 | D:4      | Reached *** piety under Wu Jian
  4876 | D:4      | Slain by Eustachio

Illustrated notes

Levels and vault maps discovered:
D:1:      ebering_trefoil_twist, layout_basic, shapermc_ecumenical_altar_venn
D:2:      layout_basic, minmay_surrounded, uniq_robin, uniq_natasha
D:3:      layout_loops_ring, nrook_loot_triangle
D:4:      layout_cave_pools, chequers_garden, uniq_eustachio
D:5:      layout_rooms, overflow_temple_1_default,
          mainiacjoe_overflow_boulevard, minmay_misc_feat_room,
          uniq_prince_ribbit1, uniq_menkaure

Skill      XL: |  1  2  3  4  5 |
---------------+----------------+-----
Maces & Flails | 3 4 |  4.6
Armour         | 4 |  4.6
Fighting       | 4 |  4.7
Shields        | 4 |  4.6

Action                   |  1- 3 |  4- 6 || total
-------------------------+-------+-------++-------
Melee: Flail             |   126 |   282 ||   408
Throw: Stone             |       |     9 ||     9
       Dart              |       |     4 ||     4
Invok: Lunge             |     7 |    17 ||    24
       Whirlwind         |       |     5 ||     5
  Use: Potion            |       |     2 ||     2
       Scroll            |       |     4 ||     4
Armor: Scale mail        |    38 |       ||    38
       Ring mail         |    27 |   191 ||   218
Dodge: Dodged            |    64 |   193 ||   257

Table legend: (Time is in decaauts)
 A = Elapsed time spent in this place.
 B = Non-inter-level travel time spent in this place.
 C = Inter-level travel time spent in this place.
 D = Time resting spent in this place.
 E = Time spent auto-exploring this place.
 F = Levels seen in this place.
 G = Mean time per level.
                   A        B        C        D        E       F      G
               +--------+--------+--------+--------+--------+-----+--------+
         Total |   4970 |   4846 |    124 |   1637 |   1847 |   5 |  994.0 |
       Dungeon |   4970 |   4846 |    124 |   1637 |   1847 |   5 |  994.0 |
               +--------+--------+--------+--------+--------+-----+--------+

Top non-repeatable levels by time:
     D:1: 1801 daAuts
     D:2: 1340 daAuts
     D:3: 1077 daAuts
     D:4: 742 daAuts
     D:5: 8 daAuts
